 Dungeon Crawl Stone Soup version 0.28.0-1-gb440e238dd (webtiles) character file.

Game seed: 4997793095431674345

154 Jase the Digger (level 5, -3/28 HPs)
             Began as a Gargoyle Earth Elementalist on Feb 22, 2022.
             Killed by divine providence
             ... invoked by an orc priest
              (17 damage)
             ... on level 4 of the Dungeon.
             The game lasted 00:08:44 (2129 turns).

Jase the Digger (Gargoyle Earth Elementalist)       Turns: 2129, Time: 00:08:44

Health: -3/28      AC:  8    Str: 11    XL:     5   Next: 36%
Magic:  6/8        EV: 11    Int: 18    God:
Gold:   117        SH:  0    Dex: 10    Spells: 2/8 levels left

rFire   . . .      SeeInvis .   a - +1 dagger
rCold   . . .      Faith    .   (no shield)
rNeg    + . .      Spirit   .   b - +0 robe
rPois   ∞          Reflect  .   f - +0 helmet
rElec   +          Harm     .   d - +0 cloak
rCorr   .          Rampage  .   (no gloves)
Will    .....                   (no boots)
Stlth   ++........              (no amulet)
HPRegen 0.09/turn               (no ring)
MPRegen 0.11/turn               (no ring)

@: no status effects
A: sickness immunity, AC +4, negative energy resistance 1, electricity
resistance, torment resistance 1, petrification resistance
a: no special abilities


You were on level 4 of the Dungeon.
You visited 1 branch of the dungeon, and saw 3 of its levels.
You also visited: Sewer.

You collected 117 gold pieces.

Inventory:

Hand Weapons
 a - a +1 dagger (weapon)
Missiles
 c - 21 stones
Armour
 b - a +0 robe (worn)
 d - a +0 cloak (worn)
 f - a +0 helmet (worn)
Wands
 h - a wand of iceblast (7)
Scrolls
 e - a scroll of vulnerability {unknown}
 g - a scroll of magic mapping {unknown}
 i - a scroll of identify {unknown}
Potions
 j - a potion of cancellation {unknown}


   Skills:
 - Level 1.5 Dodging
 - Level 2.1 Stealth
 - Level 2.0 Spellcasting
 + Level 2.6 Conjurations
 - Level 2.0 Transmutations
 + Level 5.5 Earth Magic


You had 2 spell levels left.
You knew the following spells:

 Your Spells              Type           Power      Damage    Failure   Level
a - Sandblast             Erth           42%        2d11      1%          1
b - Passwall              Tmut/Erth      12%        N/A       6%          2
c - Stone Arrow           Conj/Erth      32%        3d9       10%         3

Your spell library contained the following spells:

 Spells                   Type           Power      Damage    Failure   Level
 Petrify                  Tmut/Erth      15%        N/A       36%         4
 Call Canine Familiar     Summ           1%         N/A       47%         3
 Portal Projectile        Hex/Tloc       2%         N/A       47%         3
 Leda's Liquefaction      Hex/Erth       5%         N/A       50%         4


Dungeon Overview and Level Annotations

Branches:
Dungeon (2/15)              Sewer (visited)

Altars:

Shops:
D:1 =


Innate Abilities, Weirdness & Mutations

You are immune to sickness and miasma.
Your stone body is resilient. (AC +4)
You are immune to poison.
You resist negative energy. (rN+)
You are resistant to electric shocks. (rElec)
You are resistant to unholy torment.
You are immune to petrification.


Message History

An adder comes into view.
The adder hisses angrily.
You hear a shout! x2
An orc comes into view. It is wielding a +0 short sword.
The adder moves out of view.
You hear a shout!
A white imp and an orc priest come into view.
The white imp shouts!
The orc priest calls down the wrath of Beogh upon you.
Beogh smites you!
Ouch! That really hurt!
The adder bites you but does no damage. The adder barely misses you.
Casting: Sandblast (safe; 1% risk of failure)
Confirm with . or Enter, or press ? or * to list all spells.
Aiming: Sandblast (safe; 1% risk of failure)
Press: ? - help, Shift-Dir - straight line, f - adder
Aim: an adder (68% to hit)
The blast of sand hits the adder!
The adder is almost dead.
The adder bites you but does no damage.
Unknown command.
Casting: Sandblast (safe; 1% risk of failure)
Confirm with . or Enter, or press ? or * to list all spells.
Aiming: Sandblast (safe; 1% risk of failure)
Press: ? - help, Shift-Dir - straight line, f/p - adder
Aim: an adder (almost dead, 68% to hit)
The blast of sand hits the adder!
You kill the adder!
Unknown command.
You start resting.
There are monsters nearby!
Casting: Sandblast (safe; 1% risk of failure)
Confirm with . or Enter, or press ? or * to list all spells.
Aiming: Sandblast (safe; 1% risk of failure)
Press: ? - help, Shift-Dir - straight line
Okay, then.
The orc priest calls down the wrath of Beogh upon you.
Beogh smites you!
Ouch! That really hurt!
You die...

...≈.≈≈≈≈≈.........>.....#
..≈≈#≈#≈#####.#####.######
..≈≈≈≈≈≈÷≈≈##.# #.#
#.########≈##.# #.#
#.#≈≈≈≈≈≈##.# ##.#
#≈#≈#≈#####.# #..#
#≈#≈#≈≈≈≈##.# #..#
#≈#≈#≈##÷##.####..######
#≈#≈#≈≈#≈#...@..........
#≈#≈##≈#≈##o####o#######
#≈≈≈# ≈#≈#.......# ###≈#
≈#≈##.####o## ### #####.#
#..# #.# #''# #.# .....
#.# .......# #.#.o♣♣♣.5.#


You could see an orc priest and an orc.

Vanquished Creatures
  A hell rat (Sewer)
  A hound skeleton (D:4)
  8 adders
  3 worms
  A dart slug (D:1)
  An orc (D:2)
  A ball python (D:1)
  A bat (D:1)
  3 endoplasms
  2 giant cockroaches
  4 hobgoblins
  2 frilled lizards
  4 kobolds
  14 rats
46 creatures vanquished.

Notes
Turn   | Place    | Note
-------+----------+-------------------------------------------
     0 | D:1      | Jase the Gargoyle Earth Elementalist began the quest for
                  | the Orb.
     0 | D:1      | Reached XP level 1. HP: 10/10 MP: 3/3
   108 | D:1      | Reached skill level 1 in Transmutations
   479 | D:1      | Reached skill level 4 in Earth Magic
   479 | D:1      | Reached XP level 2. HP: 15/15 MP: 5/5
   482 | D:1      | Learned a level 2 spell: Passwall
   608 | D:1      | Found Suhiysov's Jewellery Shoppe.
  1275 | D:2      | Reached XP level 3. HP: 15/19 MP: 6/6
  1429 | D:2      | Learned a level 3 spell: Stone Arrow
  1528 | D:2      | You fall into a shaft and drop 2 floors!
  1551 | D:4      | Reached skill level 1 in Conjurations
  1551 | D:4      | Reached XP level 4. HP: 15/24 MP: 1/7
  1650 | D:4      | Reached skill level 5 in Earth Magic
  1731 | D:4      | Reached XP level 5. HP: 13/28 MP: 5/8
  1761 | D:4      | Found a glowing drain.
  1769 | Sewer    | Entered a sewer
  2129 | D:4      | Killed from afar by an orc priest

Illustrated notes

Levels and vault maps discovered:
D:1:      minmay_arrival_doors, layout_basic, serial_shops, shop
D:2:      layout_loops_cross, shapermc_ecumenical_altar_notcrosses
D:4:      layout_basic, serial_shops, kennysheep_little_box,
          lightli_sewer_entry_pipes, gammafunk_ghost_mausoleum,
          kennysheep_generic_room_7, uniq_natasha

Skill      XL: |  1  2  3  4 |
---------------+-------------+-----
Transmutations | 1 2 |  2.0
Earth Magic    | 4 5 |  5.5
Conjurations   | 1 2 |  2.6
Dodging        | |  1.5
Stealth        | |  2.1
Spellcasting   | |  2.0

Action                   |  1- 3 |  4- 6 || total
-------------------------+-------+-------++-------
Melee: Dagger            |    94 |    50 ||   144
 Cast: Sandblast         |    15 |    21 ||    36
  Use: Scroll            |     1 |     2 ||     3
 Stab: Sleeping          |     2 |     1 ||     3
Armor: Robe              |    36 |    19 ||    55
Dodge: Dodged            |    63 |    20 ||    83
